Cogmind - Beta 10.2 @@@ ROGUE MODE // 2021.08.02 @ 21:25:31 Player: Ordo Result: Destroyed by D-53 Grenadier with Mini Grenade Launcher Performance ------------- Evolutions (1) 500 Regions Visited (4) 800 Robots Destroyed (23) 115 Value Destroyed (352) 352 Prototype IDs (2) 40 Alien Tech Used (0) 0 Bonus (0) 0 TOTAL SCORE: 1807 Bonus ------- None Cogmind --------- Core Integrity 0/400 Matter 252/300 Energy 98/100 System Corruption 0% Temperature Cool (0) Movement Core (50) Location -9/Mines Parts ------- > --- POWER (1) -------- (None) > --- PROPULSION (3) --- (None) > --- UTILITY (2) ------ Signal Interpreter > --- WEAPON (3) ------- (None) > --- INVENTORY (4) ---- Light Ion Engine Medium Matter Pod (100) Terrain Scan Processor Peak State ------------ > --- POWER ------------ Improved Ion Engine > --- PROPULSION ------- Aluminum Leg Aluminum Leg Armored Wheel > --- UTILITY ---------- Small Storage Unit Signal Interpreter > --- WEAPON ----------- Beam Rifle Assault Rifle Light Assault Rifle > --- INVENTORY -------- Ion Engine Light Ion Engine Medium Matter Pod Medium Laser Mining Laser [Rating: 12] Favorites ----------- Power Ion Engine Engine Ion Engine Propulsion Aluminum Leg Leg Aluminum Leg Wheel Armored Wheel Utility Signal Interpreter Device Improved Terrain Scanner Storage Small Storage Unit Processor Signal Interpreter Weapon Assault Rifle Energy Gun Medium Laser Ballistic Gun Assault Rifle Launcher Grenade Launcher Special Weapon Mining Laser Build | -11 -10 -10 -9 -9 ------- Run | Scr Mat Min Mat Min Slots Evolved 2 | . . . 2 . Power . | . . . . . Propulsion 1 | . . . 1 . Utility . | . . . . . Weapon 1 | . . . 1 . Parts Attached 24 | 9 1 2 7 5 Power 3 | 1 . . 1 1 Engine 3 | 1 . . 1 1 Core . | . . . . . Reactor . | . . . . . Propulsion 5 | 2 . . 2 1 Treads . | . . . . . Leg 3 | 2 . . 1 . Wheel 2 | . . . 1 1 Hover . | . . . . . Flight . | . . . . . Utility 6 | 4 1 . 1 . Device 2 | 2 . . . . Storage 3 | 2 . . 1 . Processor 1 | . 1 . . . Hackware . | . . . . . Protection . | . . . . . Artifact . | . . . . . Weapon 10 | 2 . 2 3 3 Energy Gun 6 | 2 . . 2 2 Energy Cannon . | . . . . . Ballistic Gun 2 | . . 1 1 . Ballistic Cannon . | . . . . . Launcher 1 | . . 1 . . Special Weapon 1 | . . . . 1 Impact Weapon . | . . . . . Slashing Weapon . | . . . . . Piercing Weapon . | . . . . . Special Melee Weapon . | . . . . . Unidentified Prototypes . | . . . . . Parts Lost 12 | . . . 2 10 Power 1 | . . . . 1 Propulsion 4 | . . . 1 3 Utility . | . . . . . Weapon 7 | . . . 1 6 Highest Loss Streak 10 | . . . 1 10 Average Slot Usage (%) 98 | . 100 100 97 81 Engine 13 | . 14 14 11 8 Leg 26 | . 28 28 23 18 Wheel 2 | . . . 7 9 Storage 13 | . 14 14 11 10 Processor 12 | . 12 14 11 11 Energy Gun 7 | . 28 . 7 5 Ballistic Gun 12 | . . 13 22 16 Launcher 8 | . . 13 3 . Naked Turns . | . . . . . Heaviest Build 29 | 16 13 14 29 29 Greatest Support 30 | 20 20 20 30 20 Greatest Overweight (x) 2 | 1 . . 1 2 Average Overweight (x) . | . . . . . Largest Inventory Capacity 10 | 8 6 6 10 10 Average Capacity 6 | 6 6 6 7 9 Most Carried 8 | 5 6 6 8 7 Average Carried 5 | 2 5 5 5 5 Final Capacity 10 | 6 6 6 10 4 Final Carried 8 | 3 6 6 8 3 Class Distribution -------------------- 81% | Mutant 14% | Gunner 3% | Scavenger-Gunner Dominant Class ---------------- Mutant | -10/Materials Mutant | -10/Mines Gunner | -9/Materials Scavenger-Gunner | -9/Mines Resources | -11 -10 -10 -9 -9 ----------- Run | Scr Mat Min Mat Min Matter Collected 712 | 290 78 126 218 . Remotely . | . . . . . Salvage Created 496 | 141 78 60 197 20 Parts 46 | 14 10 7 14 1 Haulers Intercepted . | . . . . . Recyclers Shooed . | . . . . . Parts Field Recycled . | . . . . . Retrieved Matter . | . . . . . Parts Self-Destructed . | . . . . . Prevented . | . . . . . Kills | -11 -10 -10 -9 -9 ------- Run | Scr Mat Min Mat Min Combat Hostiles Destroyed 9 | . 3 2 3 1 Guns 6 | . 3 . 2 1 AOE 3 | . . 2 1 . Classes Destroyed 8 | 3 3 1 1 . Worker 3 | 1 . 2 . . Builder 5 | . 1 1 3 . Tunneler 3 | 3 . . . . Recycler 1 | 1 . . . . Watcher 2 | . 1 . 1 . Swarmer 4 | . 3 . . 1 Grunt 3 | . . 2 1 . Sentry 2 | . . . 2 . Best Kill Streak 5 | 3 3 5 3 1 Combat Bots Only 3 | . 3 2 2 1 Max Kills in Single Turn 3 | 1 1 3 1 1 Gunslinging . | . . . . . Exploded 1 | . . 1 1 . Melee . | . . . . . Uniques/NPCs Destroyed . | . . . . . Combat | -11 -10 -10 -9 -9 -------- Run | Scr Mat Min Mat Min Damage Taken 1345 | . 74 86 324 861 Core 451 | . 23 17 29 382 Absorbed by Shields . | . . . . . Core Remaining (%) 92 | 100 . 84 . . Volleys Fired 66 | 13 13 8 22 10 Largest 3 | 2 2 2 3 3 Hottest 140 | 90 90 70 96 140 Shots Fired 152 | 26 26 14 58 28 Gun 141 | 26 26 9 55 25 Cannon . | . . . . . Launcher 8 | . . 5 3 . Special 3 | . . . . 3 Kinetic 67 | . . 8 40 19 Thermal 77 | 26 26 1 15 9 Explosive 8 | . . 5 3 . Electromagnetic . | . . . . . Robot Hit Streak 7 | 3 3 4 5 7 Robot Miss Streak 5 | 3 5 2 4 4 Penetration Max . | . . . . . Secondary Targets 2 | . 2 . . . Max Gunslinging Chain 1 | . 1 . . . Shots Hit Robots 73 | 12 11 7 25 18 Core Hits 37 | 6 5 9 13 4 Critical Hits . | . . . . . Critical Kills . | . . . . . Critical Parts Destroyed . | . . . . . Melee Attacks . | . . . . . Impact . | . . . . . Slashing . | . . . . . Piercing . | . . . . . Sneak Attacks . | . . . . . Combat Hostiles . | . . . . . Follow-up Attacks . | . . . . . Damage Inflicted 1240 | 164 105 392 355 224 Guns 791 | 164 105 39 283 200 Cannons . | . . . . . Explosions 425 | . . 353 72 . Melee . | . . . . . Ramming . | . . . . . Kinetic 359 | . . 27 171 161 Thermal 456 | 164 105 12 112 63 Explosive 425 | . . 353 72 . Electromagnetic . | . . . . . Impact . | . . . . . Slashing . | . . . . . Piercing . | . . . . . Highest Corruption . | . . . . . Average Corruption . | . . . . . Corruption Purged . | . . . . . Overload Shots . | . . . . . Overflow Damage 29 | . . . 29 . Projectiles . | . . . . . Explosions 29 | . . . 29 . Melee . | . . . . . Knockbacks . | . . . . . Impact . | . . . . . Kinetic . | . . . . . Secondary . | . . . . . Self-Inflicted Damage 100 | . . . 100 . Shots 1 | . . . 1 . Rammed . | . . . . . Targets Rammed . | . . . . . Kicked . | . . . . . Crushed . | . . . . . Highest Temperature 225 | 150 180 9 96 225 Average Temperature 57 | 55 56 4 35 107 Received Heat Transfer 315 | . . 51 78 186 Siege Activations . | . . . . . Robots Corrupted . | . . . . . Combat Hostiles . | . . . . . Parts Fried . | . . . . . Impact Corruptions . | . . . . . Robots Melted . | . . . . . Combat Hostiles . | . . . . . Parts Melted 1 | 1 . . . . Heat Transferred 1225 | 446 285 37 296 161 Parts Sabotaged . | . . . . . Parts Stolen . | . . . . . Parts Stripped . | . . . . . Power Chain Reactions . | . . . . . Missiles Intercepted . | . . . . . Alert | -11 -10 -10 -9 -9 ------- Run | Scr Mat Min Mat Min Peak Influence 184 | 25 162 128 184 107 Initial 67 | . 16 63 . 67 Average 62 | 8 83 52 93 66 Maximum Alert Level . | . . . . . Low Security (%) 100 | 100 100 100 100 100 Level 1 . | . . . . . Level 2 . | . . . . . Level 3 . | . . . . . Level 4 . | . . . . . Level 5 . | . . . . . High Security . | . . . . . Max Security . | . . . . . Squads Dispatched 2 | . . . 2 . Investigation . | . . . . . Extermination . | . . . . . Reinforcement 2 | . . . 2 . Assault . | . . . . . Garrison . | . . . . . Intercept . | . . . . . Construction Impeded 1 | . . . 1 . Haulers Reinforced . | . . . . . Stealth | -11 -10 -10 -9 -9 --------- Run | Scr Mat Min Mat Min Distress Signals 1 | . 1 . . . Communications Jammed . | . . . . . Distress Signals . | . . . . . Times Spotted 27 | . 5 2 8 12 Peak Tracking Total 10 | . 3 2 5 10 Tactical Retreats 2 | . 1 . . 1 Traps | -11 -10 -10 -9 -9 ------- Run | Scr Mat Min Mat Min Traps Triggered . | . . . . . Indirectly . | . . . . . Trap Hack Attempts . | . . . . . Triggered . | . . . . . Disarmed . | . . . . . Reprogrammed . | . . . . . Reused . | . . . . . Traps Extracted . | . . . . . Installed . | . . . . . Triggered . | . . . . . Machines | -11 -10 -10 -9 -9 ---------- Run | Scr Mat Min Mat Min Machines Disabled 2 | . . . 2 . Max in Single Turn 1 | . . . 1 . Machines Sabotaged . | . . . . . Garrisons Compromised . | . . . . . Overloaded Fab Kills . | . . . . . Fab Network Shutdowns . | . . . . . Hacking | -11 -10 -10 -9 -9 --------- Run | Scr Mat Min Mat Min Machines Accessed 5 | . 4 . 1 . Terminals 5 | . 4 . 1 . Fabricators . | . . . . . Repair Stations . | . . . . . Recycling Units . | . . . . . Scanalyzers . | . . . . . Garrison Access . | . . . . . Total Hacks 20 | . 16 . 4 . Successful 14 | . 11 . 3 . Failed 6 | . 5 . 1 . Catastrophic 2 | . 1 . 1 . Database Lockouts . | . . . . . Manual . | . . . . . Terminals 20 | . 16 . 4 . Fabricators . | . . . . . Repair Stations . | . . . . . Recycling Units . | . . . . . Scanalyzers . | . . . . . Garrison Access . | . . . . . Terminal Hacks 14 | . 11 . 3 . Record 4 | . 4 . . . Prototype ID Bank 1 | . 1 . . . Branch Access Points 1 | . 1 . . . Emergency Access Points 2 | . 2 . . . Alert Level 1 | . . . 1 . Maintenance Status 1 | . . . 1 . Patrol Status 1 | . . . 1 . Hauler Manifests 2 | . 2 . . . Zone Layout 1 | . 1 . . . Fabricator Hacks . | . . . . . Repair Station Hacks . | . . . . . Recycling Unit Hacks . | . . . . . Scanalyzer . | . . . . . Garrison Access Hacks . | . . . . . Unauthorized Hacks . | . . . . . Terminals . | . . . . . Fabricators . | . . . . . Repair Stations . | . . . . . Recycling Units . | . . . . . Scanalyzers . | . . . . . Garrison Access . | . . . . . Data Cores Recovered . | . . . . . Used . | . . . . . Hacking Detections 5 | . 4 . 1 . Full Trace Events . | . . . . . Feedback Events . | . . . . . Feedback Blocked . | . . . . . Robot Schematics Acquired . | . . . . . Robots Built . | . . . . . Matter . | . . . . . Time . | . . . . . Total Robot Build Rating . | . . . . . Part Schematics Acquired . | . . . . . Parts Built . | . . . . . Matter . | . . . . . Time . | . . . . . Total Part Build Rating . | . . . . . Parts Repaired . | . . . . . Time . | . . . . . Parts Recycled . | . . . . . Recycled Matter . | . . . . . Retrieved Matter . | . . . . . Retrieved Components . | . . . . . Parts Scanalyzed . | . . . . . Part Schematics Acquired . | . . . . . Parts Damaged . | . . . . . Bothacking | -11 -10 -10 -9 -9 ------------ Run | Scr Mat Min Mat Min Used RIF Installer . | . . . . . Robots Hacked . | . . . . . Non-combat . | . . . . . Combat . | . . . . . Robot Hacks Applied . | . . . . . Relay Couplers Released . | . . . . . Robots Rewired . | . . . . . Allies Hacked . | . . . . . Hacks Repelled . | . . . . . Allies | -11 -10 -10 -9 -9 -------- Run | Scr Mat Min Mat Min Total Allies 1 | . . 1 . . Largest Group 1 | . . 1 . . Highest-Rated Group 31 | . . 31 . . Highest-Rated Ally 31 | . . 31 . . Total Orders . | . . . . . Ally Attacks . | . . . . . Total Damage . | . . . . . Kills . | . . . . . Allies Corrupted . | . . . . . Allies Melted . | . . . . . Intel | -11 -10 -10 -9 -9 ------- Run | Scr Mat Min Mat Min Robot Analysis Total . | . . . . . Derelict Logs Recovered 2 | . . 1 . 1 Drone Launches . | . . . . . Drone Recoveries . | . . . . . Exploration | -11 -10 -10 -9 -9 ------------- Run | Scr Mat Min Mat Min Turns Passed 1834 | 149 325 918 308 134 Spaces Moved 1294 | 77 225 732 175 85 Core 47 | 17 . . . 30 Treads . | . . . . . Legs 1243 | 60 225 732 175 51 Wheels 4 | . . . . 4 Hover . | . . . . . Flight . | . . . . . Fastest Speed 50 | 50 120 120 120 50 Average Speed 120 | 114 120 120 129 109 Slowest Speed 150 | 120 120 120 150 150 Overloaded Moves . | . . . . . Propulsion Burnouts . | . . . . . Robots Hopped . | . . . . . Cave-ins Triggered . | . . . . . Exploration Rate (%) 36 | 5 31 99 11 38 Regions Visited 4 Branch Regions 2 Pre-discovered Areas 1 | . . . . 1 Known Exits Taken 3 | . 1 1 1 . Unknown Exits Taken 1 | 1 . . . . Scrap Searched 1 | . . 1 . . Spaces Dug . | . . . . . Terrain Destroyed 63 | . . 20 42 1 Melee . | . . . . . Projectile 1 | . . . . 1 AOE 62 | . . 20 42 . Terrain Rammed . | . . . . . Walls Destroyed . | . . . . . Machines Disabled . | . . . . . Actions | -11 -10 -10 -9 -9 --------- Run | Scr Mat Min Mat Min Total 1439 | 112 254 757 214 102 Wait 23 | . 11 12 . . Move 1290 | 76 224 731 174 85 Hop . | . . . . . Pick Up 26 | 12 4 2 8 . Fast Attach . | . . . . . Attach 20 | 9 1 . 5 5 Detach . | . . . . . Swap 4 | . . 2 2 . Drop 10 | 2 1 2 3 2 Fire 66 | 13 13 8 22 10 Melee . | . . . . . Ram . | . . . . . Kick . | . . . . . Crush . | . . . . . Escape Stasis . | . . . . . Rewire . | . . . . . Trap . | . . . . . Miscellaneous . | . . . . . Route ------- -11/Scrapyard -10/Materials -10/Mines (discovered 3 exits: *Mat x2 / *Exi) -9/Materials -9/Mines (discovered 1 exit: [*Zio]) History --------- Turn | Location | Event 15 | -11/Scrapyard | Discovered new exit (range 16) 150 | -11/Scrapyard | Entered Materials 253 | -10/Materials | Identified exit to Mines 300 | -10/Materials | Build established: Mutant 475 | -10/Materials | Entered Mines 490 | -10/Mines | Learned 2 Materials zone layouts 623 | -10/Mines | Deemed a non-threat by the Exiles lab entrance 623 | -10/Mines | Discovered new exit (range 5) 627 | -10/Mines | Identified exit to Exiles 839 | -10/Mines | Discovered new exit (range 6) 842 | -10/Mines | Received a Mining Laser from a helpful Derelict 849 | -10/Mines | Identified exit to Materials 907 | -10/Mines | Discovered exit to Materials (range 12) 1393 | -10/Mines | Entered Materials 1393 | -9/Materials | Evolved 2 slots: Propulsion x1, Weapon x1 1483 | -9/Materials | Discovered new exit (range 6) 1699 | -9/Materials | Identified exit to Mines 1701 | -9/Materials | Entered Mines 1706 | -9/Mines | Learned location of Recycling (-7) 1719 | -9/Mines | A Derelict revealed a hidden shortcut to a safe place 1804 | -9/Mines | Assembled infested the area 1817 | -9/Mines | Core integrity fell below 50% 1834 | -9/Mines | Core integrity fell below 20% 1835 | -9/Mines | Destroyed by D-53 Grenadier with Mini Grenade Launcher Last Messages --------------- A derelict emerges from the shadows: "It's not safe here! Let me show you to a place where you won't have to worry about staying in one piece!" K8-RPN(z) disappears into a concealed tunnel. Beam Rifle destroyed. S-10 Pest destroyed. Med. Laser destroyed. Imp. Ion Engine destroyed. Assault Rifle destroyed. Mining Laser destroyed. U-05 Engineer builds a Wall. ALERT: Infestation in the mines, dispatching Demolisher response squad. Lgt. Assault Rifle destroyed. Wheel destroyed. K-01 Serf collects debris. Sml. Laser destroyed. Aluminum Leg destroyed. Dropped Lrg. Storage Unit. Dropped Ion Engine. K-01 Serf collects debris. The unstable cave ceiling collapses. Map ----- +----------------------------------------------------+ | ?????????????????????????????????????? | | ?????????????????????????????????????? | | ?????????????????????????????????????? | | ?????????????????????????????????????? | | ?????????????????????????????????????? | | ?????????????????????????????????????? | | ?????????????????????????????????????? | | ?????????????????????????????????????? | | ?????????????????????????????????????? | | ?????????????????????????????????????? | | ?????????????????????????????????????? | | ?????????????????????????????????????? | | ?????????????????????????????????????? | | ?????????????????????????????????????? | | ?????????????????????###?????????????? | | ?????????????????##### ##???????????? | | ?????????????????? #???????????? | | ??????????????????? #?????????#?? | | ???????????????????# #??????? #?? | | ???????????????????? #?????? #?? | | ????????????????????? ##???? #?? | | ?????????????????????? ##?? #??? | | ???????????????######## ## #???? | | ????????????##?# # # ?????? | | ?????????#### # % #???????? | | ????????## @ #????????? | | ????????# d ##????????? | | ????????# ####?????????? | | ???????# = # ###?????????? | | ??????? * # ####??????? | | ??????? " ##?????? | | ?????????## ##????? | | ??????????#### # #????? | | ?????????????## #????? | | ?????????????# ### ##????? | | ?????????????# ### #?####?????? | | ##???????????## #??## #??????????? | | #????????????####???## ##?????????? | | ????????####????????# ##????????? | | ???????## ##???????# #????????? | | ??????## #??????## #????????? | | ?????## #??##### ##????????? | | #?????# #### ###?????????? | | #????## *!## ##???????????? | | ###### ###????????????? | | ## ##??????????????? | | ## ###???????????????? | | #### #### ### ##?????????????????? | | #### #??## ##?####??????????????????? | | % #???####????????????????????????? | +----------------------------------------------------+ Best States ------------- Heat Dissipation 28 Energy Generation 12 Energy Capacity 265 Matter Stores 300 Matter Capacity 300 Sight Range 16 Terrain Scan Range 16 Terrain Scan Density 10 Evasion (%) 50 Item Schematics ----------------- None Robot Schematics ------------------ None Fabricated ------------ Nothing Alien Tech Used ----------------- None Achievements -------------- None Challenges ------------ None Game ------ Seed PlasmaRiotCarapace Manual? 0 Play Time 00:25:25 Cumulative 6.7 hours Start 2021.08.02 @ 20:59:34 End 2021.08.02 @ 21:25:31 Sessions 1 Manual Loads 0 Difficulty Rogue Special Mode None Game No. 7 Rogue 7 Adventurer 0 Explorer 0 Win Type - Total 0 Types 0/0/0/0/0/0/0/0/0 Lore% 8 Gallery% 9 Achievement% 14 Wizard Run 0 Options --------- ASCII 0 Keyboard 0 Movement Mouse Keybinds 0 Fullscreen 1 Font 18/SmallcapsGlow Map View 76x50 Tactical HUD 0 Map Filters NONE Filters NONE Steam 1 RUN: f3d41cdf-6ff9-4a32-ba94-a22b4ff51da1